 Dungeon Crawl Stone Soup version 0.28.0-1-gb440e238dd (webtiles) character file.

Game seed: 5942628120552652645

9 horus123 the Conjurer (level 2, -2/15 HPs)
             Began as a Deep Elf Conjurer on Feb 22, 2022.
             Slain by a rat (3 damage)
             ... on level 1 of the Dungeon.
             The game lasted 00:00:34 (247 turns).

horus123 the Conjurer (Deep Elf Conjurer)            Turns: 247, Time: 00:00:35

Health: -2/15      AC:  2    Str:  4    XL:     2   Next: 6%
Magic:  2/9        EV: 12    Int: 22    God:
Gold:   13         SH:  0    Dex: 13    Spells: 8/9 levels left

rFire   . . .      SeeInvis .   (no weapon)
rCold   . . .      Faith    .   (no shield)
rNeg    . . .      Spirit   .   a - +0 robe
rPois   .          Reflect  .   (no helmet)
rElec   .          Harm     .   (no cloak)
rCorr   .          Rampage  .   (no gloves)
Will    .....                   (no boots)
Stlth   ++........              (no amulet)
HPRegen 0.05/turn               (no ring)
MPRegen 0.11/turn               (no ring)

@: no status effects
A: no striking features
a: no special abilities


You were on level 1 of the Dungeon.
You visited 1 branch of the dungeon, and saw 1 of its levels.

You collected 13 gold pieces.

Inventory:

Armour
 a - a +0 robe (worn)
Scrolls
 b - a scroll of silence {unknown}


   Skills:
 - Level 2.4 Dodging
 - Level 2.4 Stealth
 + Level 4.0 Spellcasting
 - Level 4.3 Conjurations


You had 8 spell levels left.
You knew the following spells:

 Your Spells              Type           Power      Damage    Failure   Level
a - Magic Dart            Conj           92%        1d7       1%          1

Your spell library contained the following spells:

 Spells                   Type           Power      Damage    Failure   Level
 Searing Ray              Conj           46%        2d6       2%          2
 Dazzling Flash           Conj/Hex       28%        N/A       14%         3
 Fulminant Prism          Conj/Hex       7%         3d7       41%         4
 Iskenderun's Mystic Bla  Conj/Tloc      14%        2d5       41%         4


Dungeon Overview and Level Annotations

Branches:
Dungeon (1/15)

Altars:


Message History

Aiming: Magic Dart (safe; 1% risk of failure)
Press: ? - help, Q - select action Shift-Dir - straight line, f/p - quokka
Aim: a quokka (moderately wounded, 100% to hit)
The magic dart hits the quokka.
The quokka is heavily wounded.
The quokka bites you but does no damage.
Your magical contamination has completely faded away.
The quokka bites you.
A frilled lizard comes into view.
The quokka barely misses you.
A frilled lizard comes into view.
A hobgoblin comes into view.
Aiming: Magic Dart (safe; 1% risk of failure)
Press: ? - help, Q - select action Shift-Dir - straight line, f/p - quokka
Aim: a quokka (moderately wounded, 100% to hit)
The magic dart hits the quokka.
The quokka is heavily wounded.
The quokka bites you. The quokka barely misses you. The quokka bites you.
The rat misses you. The rat closely misses you. The rat closely misses you.
The quokka bites you but does no damage.
The rat bites you.
* * * LOW HITPOINT WARNING * * *
You closely miss the rat. The rat completely misses you.
You hit the rat but do no damage. You punch the rat.
The rat is moderately wounded.
The rat bites you but does no damage.
You barely miss the rat.
The rat is moderately wounded.
The rat misses you.
You barely miss the rat. The rat bites you but does no damage.
You closely miss the rat. The rat closely misses you.
You hit the rat but do no damage. The rat bites you.
* * * LOW HITPOINT WARNING * * *
You closely miss the rat. The rat bites you.
* * * LOW HITPOINT WARNING * * *
You hit the rat but do no damage. The rat bites you.
You die...

#.##....#
#.#####.###...
######............#
#.................#
#.#.#.#.#..#.####..#
#.#.#.#.#.#.# ...
#)#.#.#.#..####..## .
#!#.#.###........ .
#.#.#...@####.. l#
#.#r#.#.#r# #.##l##
#†#.#.#.##r####.#...#
#)#.#.#.###.......#
#.#.#.#.#.........#...#
#.#.#)#.#.#######..## #
# #.#.#.#.#.#
#...###..# .#.#.#.#.#
#.....g.# ########
#########


You could see a quokka and a rat.

Vanquished Creatures
  2 ball pythons (D:1)
  A bat (D:1)
  An endoplasm (D:1)
  2 goblins (D:1)
  2 kobolds (D:1)
  A rat (D:1)
9 creatures vanquished.

Notes
Turn   | Place    | Note
-------+----------+-------------------------------------------
     0 | D:1      | horus123 the Deep Elf Conjurer began the quest for the Orb.
     0 | D:1      | Reached XP level 1. HP: 10/10 MP: 6/6
   202 | D:1      | Reached XP level 2. HP: 15/15 MP: 5/9
   247 | D:1      | Slain by a rat

Illustrated notes

Levels and vault maps discovered:
D:1:      eino_arrival_water_cross, layout_loops_ring, minivault_23,
          minmay_ruptured

Skill      XL: |  1 |
---------------+----+-----
Spellcasting   | 4 |  4.0
Dodging        | |  2.4
Stealth        | |  2.4
Conjurations   | |  4.3

Action                   || total
-------------------------++-------
Melee: Unarmed           ||     8
       Punch             ||     1
 Cast: Magic Dart        ||    19
Armor: Robe              ||     5
Dodge: Dodged            ||    11
